 Dungeon Crawl Stone Soup version 0.31-a0-1-g4198be8af4 (webtiles) character file.

Game seed: 10302827241177445223

427 Jeffwins the Grave Robber (level 6, -3/41 HPs)
             Began as an Octopode Necromancer on May 2, 2023.
             Slain by a hound (5 damage)
             ... on level 5 of the Dungeon.
             The game lasted 00:04:11 (4290 turns).

Jeffwins the Grave Robber (Octopode Necromancer)    Turns: 4290, Time: 00:04:12

Health: -3/41      AC:  1    Str:  7    XL:     6   Next: 97%
Magic:  2/11       EV: 13    Int: 20    God:
Gold:   193        SH:  0    Dex: 12    Spells: 5/12 levels left

rFire   . . .        g - +2 dagger (drain)
rCold   . . .        (no shield)
rNeg    . . .        (helmet restricted)
rPois   .            (no amulet)
rElec   .            (no ring)
rCorr   .            (no ring)
SInv    .            (no ring)
Will    .....        (no ring)
Stlth   ++++         (no ring)
HPRegen 0.26/turn    (no ring)
MPRegen 0.12/turn    (no ring)
                     (no ring)

%: no passive effects
@: no status effects
A: almost no armour, amphibious, 8 rings, camouflage 1, gelatinous body 1,
(nimble swimmer 1), tentacles
a: no special abilities


You were on level 5 of the Dungeon.
You visited 1 branch of the dungeon, and saw 5 of its levels.

You collected 193 gold pieces.


Innate Abilities, Weirdness & Mutations

You cannot wear most types of armour.
You are amphibious.
You can wear up to eight rings at the same time.
Your skin changes colour to match your surroundings (Stealth+).
Your rubbery body absorbs attacks. (AC +1, EV +1)
((You are camouflaged when in or above water. (Stealth+)))
You have tentacles for arms and can constrict up to eight enemies at once.


   Skills:
 + Level 2.4 Fighting
 + Level 3.1 Dodging
 + Level 4.5 Stealth
 * Level 3.7 Spellcasting
 + Level 0.2 Conjurations
 * Level 5.4 Necromancy
 + Level 0.0 Air Magic
 + Level 0.1 Poison Magic


You had 5 spell levels left.
You knew the following spells:

 Your Spells              Type           Power      Damage    Failure   Level
m - Mephitic Cloud        Conj/Pois/Air  4%         N/A       36%         3
x - Vampiric Draining     Necr           25%        2d7       4%          3
z - Necrotise             Necr           100%       1d9       1%          1

Your spell library contained the following spells:

 Spells                   Type           Power      Damage    Failure   Level
 Magic Dart               Conj           16%        1d3       12%         1
 Slow                     Hex            12%        N/A       13%         1
 Animate Dead             Necr           25%        N/A       14%         4
 Call Imp                 Summ           6%         N/A       21%         2
 Confusing Touch          Hex            3%         N/A       36%         3
 Agony                    Necr           25%        N/A       36%         5

Inventory:

Hand Weapons
 g - a +2 dagger of draining (weapon)
Scrolls
 b - 2 scrolls of enchant weapon {unknown}
 c - 4 scrolls of teleportation {unknown}
 e - 5 scrolls of identify {unknown}
 k - a scroll of enchant armour {unknown}
 l - a scroll of fear {unknown}
Potions
 a - a potion of magic
 d - a potion of brilliance {unknown}
 f - 2 potions of curing {unknown}
 h - 2 potions of cancellation {unknown}
 i - a potion of lignification {unknown}
 j - a potion of mutation {unknown}
 m - a potion of might {unknown}

Dungeon Overview and Level Annotations

Branches:
Dungeon (5/15)
 Temple: D:4-7

Altars:
Makhleb

#####. ...... #########
..... ###........ >....
............... ..#.#
#.#.# ......... ..#.#
#.#.# #oh...... ..#.###
#.#.# #@)...... ......#
#.#.###.)...... #.#.#†#
#.............. #.#.#.#
#..............
#.#.#.####..............
..#.#......#'#..........
###.########.#.#####.###
... #.#.# .# #.# #.#.. #


You could see a hound and an orc wizard.


Message History

Unknown command.
You hit the orc. You drain the orc. Your grab misses the orc.
Your squeeze misses the orc.
The orc is almost dead.
You constrict the orc wizard. The orc barely misses you.
The orc closely misses you.
The orc wizard hits you with a +0 dagger.
* * * LOW HITPOINT WARNING * * *
You hit the orc.
You kill the orc!
You constrict the orc wizard. The orc completely misses you.
The orc wizard hits you with a +0 dagger.
* * * LOW HITPOINT WARNING * * *
Unknown command.
You closely miss the orc. You grab the orc.
You squeeze the orc, but do no damage.
The orc is heavily wounded.
You constrict the orc, but do no damage.
You constrict the orc wizard. The orc hits you with a +0 falchion.
* * * LOW HITPOINT WARNING * * *
The orc wizard hits you with a +0 dagger.
* * * LOW HITPOINT WARNING * * *
You hit the orc but do no damage. You drain the orc.
You kill the orc!
You constrict the orc wizard.
The orc wizard points at you and mumbles some strange words.
The magic dart hits you!
* * * LOW HITPOINT WARNING * * *
The hound bites you.
You die...

Skill      XL: |  1  2  3  4  5 |
---------------+----------------+-----
Stealth        | 3 4 |  4.5
Fighting       | 1 2 |  2.4
Spellcasting   | 3 |  3.7
Necromancy     | 5 |  5.4
Dodging        | 3 |  3.1
Conjurations   | |  0.2
Poison Magic   | |  0.1

Action                     |  1- 3 |  4- 6 || total
---------------------------+-------+-------++-------
  Melee: Unarmed           |    55 |       ||    55
         Tentacles         |    18 |    21 ||    39
         Constrict         |    17 |    20 ||    37
         Dagger            |    29 |   103 ||   132
         Punch             |       |     2 ||     2
   Cast: Necrotise         |     1 |       ||     1
         Vampiric Draining |     1 |    10 ||    11
   Stab: Sleeping          |     9 |    15 ||    24
 Armour: Skin              |     7 |     7 ||    14
  Dodge: Dodged            |    53 |    66 ||   119

Levels and vault maps discovered:
D:1:      dpeg_arrival_arbitrary_a, layout_basic, minmay_misc_feat_enclosed
D:2:      layout_loops_ring, shapermc_ecumenical_altar_totnotflames,
          serial_forest, infiniplex_forest_clump_small,
          infiniplex_forest_straight_5, infiniplex_forest_lined_room_2,
          infiniplex_forest_clump_diagonal, infiniplex_forest_lined_2,
          infiniplex_forest_straight_1, infiniplex_forest_straight_2,
          infiniplex_forest_straight_5, basic_altar,
          minmay_misc_feat_four_crosses, hangedman_abyss_or_decor_lesser_grid,
          nicolae_half_adder
D:3:      layout_basic, minmay_misc_feat_cross, uniq_jessica
D:4:      layout_cave_pods, uniq_sigmund
D:5:      layout_basic, palyth_stone_intersect

Notes
Turn   | Place    | Note
-------+----------+-------------------------------------------
     0 | D:1      | Jeffwins the Octopode Necromancer began the quest for the
                  | Orb.
     0 | D:1      | Reached XP level 1. HP: 11/11 MP: 3/3
   104 | D:1      | Reached XP level 2. HP: 15/17 MP: 5/5
   344 | D:1      | Reached skill level 3 in Stealth
   712 | D:1      | Reached XP level 3. HP: 19/20 MP: 6/6
   777 | D:1      | Learned a level 3 spell: Vampiric Draining
  1013 | D:2      | Found a burning altar of Makhleb.
  1079 | D:2      | Reached skill level 1 in Fighting
  1166 | D:2      | Reached XP level 4. HP: 6/28 MP: 0/8
  1689 | D:2      | Found a faded altar of an unknown god.
  2092 | D:3      | Noticed Jessica
  2099 | D:3      | Killed Jessica
  2100 | D:3      | Reached skill level 3 in Spellcasting
  2100 | D:3      | Reached XP level 5. HP: 27/33 MP: 9/9
  3250 | D:4      | Identified the +2 helmet of Hairiness {rPois SInv}
  3377 | D:4      | Reached skill level 4 in Stealth
  3383 | D:4      | Reached skill level 5 in Necromancy
  3387 | D:4      | HP: 2/34 [gnoll/+0 spear (7)]
  3798 | D:4      | Noticed Sigmund
  3857 | D:4      | Killed Sigmund
  3858 | D:4      | Reached skill level 2 in Fighting
  3858 | D:4      | Reached skill level 3 in Dodging
  3858 | D:4      | Reached XP level 6. HP: 32/40 MP: 0/11
  4064 | D:4      | Learned a level 3 spell: Mephitic Cloud
  4256 | D:5      | Entered Level 5 of the Dungeon
  4290 | D:5      | HP: 2/41 [orc wizard/magic dart (7)]
  4290 | D:5      | Slain by a hound

Vanquished Creatures
  Sigmund (D:4)
  Jessica (D:3)
  An orc wizard (D:5)
  7 adders
  5 gnolls
  A worm (D:3)
  2 dart slugs
  10 orcs
  3 bats
  8 endoplasms
  3 giant cockroaches
  A goblin (D:1)
  9 hobgoblins
  3 jackals (D:5)
  4 quokkas
  2 ball pythons
  4 frilled lizards
  10 kobolds
  3 rats
78 creatures vanquished.

Vanquished Creatures (others)
  An orc wizard (D:4)
  2 plants (D:2)
3 creatures vanquished.

Grand Total: 81 creatures vanquished

Table legend: (Time is in decaauts)
 A = Elapsed time spent in this place.
 B = Non-inter-level travel time spent in this place.
 C = Inter-level travel time spent in this place.
 D = Time resting spent in this place.
 E = Time spent auto-exploring this place.
 F = Levels seen in this place.
 G = Mean time per level.
                   A        B        C        D        E       F      G
               +--------+--------+--------+--------+--------+-----+--------+
         Total |   4288 |   4123 |    165 |     88 |   3396 |   5 |  857.6 |
       Dungeon |   4288 |   4123 |    165 |     88 |   3396 |   5 |  857.6 |
               +--------+--------+--------+--------+--------+-----+--------+

Top non-repeatable levels by time:
     D:4: 1321 daAuts
     D:2: 1070 daAuts
     D:3: 938 daAuts
     D:1: 923 daAuts
     D:5: 33 daAuts

Table legend:
 A = Non-vault XP
 B = Vault XP
 C = Vault XP percentage of total XP
 D = Non-vault monster count
 E = Vault monster count
 F = Vault count percentage of total count
                 A         B        C        D         E       F
            +---------+---------+-------+---------+---------+-------
      Total |     297 |     317 |  51.6 |      74 |       5 |   6.3
            +---------+---------+-------+---------+---------+-------
        D:1 |      52 |       0 |   0.0 |      22 |       0 |   0.0
        D:2 |      67 |      41 |  38.0 |      20 |       3 |  13.0
        D:3 |      18 |      37 |  67.3 |       7 |       1 |  12.5
        D:4 |     115 |     239 |  67.5 |      19 |       1 |   5.0
        D:5 |      45 |       0 |   0.0 |       6 |       0 |   0.0
            +---------+---------+-------+---------+---------+-------
